 Dungeon Crawl Stone Soup version 0.28-a0-1143-gcf6077d4cc (webtiles) character file.

Game seed: 15469327319417059908

256 ytrimaz the Covered (level 6, 0/49 HPs)
             Began as a Formicid Fighter on Dec 13, 2021.
             Slain by a kobold brigand (2 damage)
             ... on level 4 of the Dungeon.
             The game lasted 00:03:20 (3563 turns).

ytrimaz the Covered (Formicid Fighter)              Turns: 3563, Time: 00:03:20

Health: 0/49       AC:  7    Str: 22    XL:     6   Next: 39%
Magic:  6/6        EV:  9    Int:  8    God:
Gold:   120        SH:  4    Dex: 10    Spells: 5/5 levels left

rFire   . . .      SeeInvis +   a - +0 war axe
rCold   . . .      Faith    .   c - +0 buckler
rNeg    . . .      Spirit   .   b - +0 scale mail
rPois   +          Reflect  .   (helmet unavailable)
rElec   .          Harm     .   (no cloak)
rCorr   .          Rampage  .   (no gloves)
Will    +....                   (no boots)
Stlth   ..........              (no amulet)
HPRegen 0.16/turn               g - ring of willpower
MPRegen 0.10/turn               j - ring of poison resistance

@: no status effects
A: permanent stasis, dig shafts and tunnels, antennae 3, four strong arms
a: Dig, Shaft Self


You were on level 4 of the Dungeon.
You visited 1 branch of the dungeon, and saw 4 of its levels.

You collected 120 gold pieces.

Inventory:

Hand Weapons
 a - a +0 war axe (weapon)
Armour
 b - a +0 scale mail (worn)
 c - a +0 buckler (worn)
Jewellery
 g - a ring of willpower (left hand)
 j - a ring of poison resistance (right hand)
Potions
 d - a potion of might
 e - a potion of curing
 f - a potion of berserk rage {unknown}
 i - a potion of cancellation {unknown}
 k - 2 potions of ambrosia {unknown}


   Skills:
 * Level 4.4 Fighting
 + Level 3.6 Axes
 * Level 4.9 Armour
 * Level 4.8 Shields


You had 5 spell levels left.
You didn't know any spells.
Your spell library contained the following spells:

 Spells                   Type           Power      Damage    Failure   Level
 Animate Skeleton         Necr           0%         N/A       71%         1
 Apportation              Tloc           0%         N/A       71%         1
 Summon Small Mammal      Summ           0%         N/A       71%         1
 Corpse Rot               Necr/Air       0%         N/A       85%         2
 Poisonous Vapours        Pois/Air       0%         N/A       85%         2
 Ignite Poison            Fire/Tmut/Pois 0%         N/A       97%         3
 Mephitic Cloud           Conj/Pois/Air  0%         N/A       97%         3
 Freezing Cloud           Conj/Ice/Air   0%         6-21      100%        5


Dungeon Overview and Level Annotations

Branches:
Dungeon (4/15)
 Temple: D:4-7

Altars:
Yredelemnul

Shops:
D:3 :[:


Innate Abilities, Weirdness & Mutations

You cannot be hasted, slowed, berserked, paralysed or teleported.
You can dig through walls and to a lower floor.
You have a pair of large antennae on your head. (SInv)
Your four strong arms can wield two-handed weapons with a shield.


Message History

Unknown command.
You slash the scorpion!
You kill the scorpion!
You feel sick.
The orc hits you from afar with a +3 trident.
* * * LOW HITPOINT WARNING * * *
You block the orc's attack.
Unknown command.
Unknown command.
You feel sick.
The kobold brigand throws a curare-tipped dart.
The curare-tipped dart completely misses you.
You feel sick.
The kobold brigand throws a curare-tipped dart.
You block the curare-tipped dart.
Unknown command.
You feel sick.
You feel sick.
You are no longer poisoned.
You feel better.
The orc hits you from afar with a +3 trident.
* * * LOW HITPOINT WARNING * * *
The orc barely misses you.
You slash the orc!
You kill the orc!
The kobold brigand throws a curare-tipped dart.
The curare-tipped dart hits you.
The kobold brigand hits you with a +0 whip.
* * * LOW HITPOINT WARNING * * *
You see here a +3 trident.
The kobold brigand hits you but does no damage.
Unknown command.
You slash the kobold brigand!
The kobold brigand is heavily wounded.
The kobold brigand hits you with a +0 whip.
* * * LOW HITPOINT WARNING * * *
You slash the kobold brigand!
The kobold brigand is almost dead.
The kobold brigand hits you with a +0 whip.
You die...

.......#.. ....
#........# .....
.......## .....
........# .....#
#..?....#
.......####.†......
........#.........#
......#....#.....##
........@K##....##
.......#)## #.###
.......#.# ##
.......#.#
.......).#
.....##..# ..# #..#
# ###..# ##
#####....#


You could see a kobold brigand.

Vanquished Creatures
  A scorpion (D:4)
  A howler monkey (D:3)
  3 gnolls (D:3)
  6 adders
  2 dart slugs
  3 orcs
  5 endoplasms
  3 giant cockroaches (D:1)
  6 goblins
  4 hobgoblins
  3 jackals (D:2)
  5 kobolds
  5 quokkas
  4 ball pythons
  8 bats
  6 frilled lizards
  3 rats
  A bush (D:1)
69 creatures vanquished.

Vanquished Creatures (others)
  4 fungi (D:3)
  6 plants (D:3)
10 creatures vanquished.

Grand Total: 79 creatures vanquished

Notes
Turn   | Place    | Note
-------+----------+-------------------------------------------
     0 | D:1      | ytrimaz the Formicid Fighter began the quest for the Orb.
     0 | D:1      | Reached XP level 1. HP: 18/18 MP: 1/1
   273 | D:1      | Reached XP level 2. HP: 17/24 MP: 2/2
   663 | D:1      | Reached XP level 3. HP: 30/30 MP: 3/3
  1218 | D:2      | Found a basalt altar of Yredelemnul.
  1540 | D:2      | Reached XP level 4. HP: 29/37 MP: 4/4
  2431 | D:3      | Found a faded altar of an unknown god.
  2537 | D:3      | Found Piarenk's Antique Armour Shoppe.
  2544 | D:3      | Reached XP level 5. HP: 38/42 MP: 5/5
  2641 | D:3      | Found Isufaaz's Book Emporium.
  2747 | D:3      | Found Tisusato's Book Emporium.
  3339 | D:4      | Reached XP level 6. HP: 42/48 MP: 6/6
  3562 | D:4      | HP: 2/49 [kobold brigand (6)]
  3563 | D:4      | Slain by a kobold brigand

Illustrated notes

Levels and vault maps discovered:
D:1:      co_arrival_random_square_maze, layout_loops_ring, minmay_hedge_maze,
          minmay_pentomino_o4
D:2:      layout_basic, basic_altar, hex_large, minmay_tiny_reverse_x
D:3:      layout_loops_ring, dreamdust_ecumenical_altar_grove, serial_shops,
          shop, shop, shop, kennysheep_generic_room_13
D:4:      layout_cave_pods, temple_fountains, corexii_item_surrounded_by_moat,
          minmay_fractal_squares_gapless_5

Skill      XL: |  1  2  3  4  5 |
---------------+----------------+-----
Shields        | 4 |  4.8
Armour         | 4 |  4.9
Fighting       | 4 |  4.4
Axes           | 3 |  3.6

Action                   |  1- 3 |  4- 6 || total
-------------------------+-------+-------++-------
Melee: War axe           |   137 |   145 ||   282
  Use: Scroll            |       |     5 ||     5
       Potion            |       |     1 ||     1
Armor: Scale mail        |    46 |    76 ||   122
Dodge: Dodged            |    43 |    73 ||   116
Block: Buckler           |    28 |    33 ||    61

Table legend: (Time is in decaauts)
 A = Elapsed time spent in this place.
 B = Non-inter-level travel time spent in this place.
 C = Inter-level travel time spent in this place.
 D = Time resting spent in this place.
 E = Time spent auto-exploring this place.
 F = Levels seen in this place.
 G = Mean time per level.
                   A        B        C        D        E       F      G
               +--------+--------+--------+--------+--------+-----+--------+
         Total |   3664 |   3573 |     91 |      0 |   2895 |   4 |  916.0 |
       Dungeon |   3664 |   3573 |     91 |      0 |   2895 |   4 |  916.0 |
               +--------+--------+--------+--------+--------+-----+--------+

Top non-repeatable levels by time:
     D:1: 1249 daAuts
     D:2: 1230 daAuts
     D:3: 942 daAuts
     D:4: 242 daAuts
